[Event "Floripa Super Blitz 2019"]
[Site "Florianopolis"]
[Date "2019.01.23"]
[Round "1.3"]
[White "Granda Zuniga, Julio E"]
[Black "Da Silva Junior, Marco Aurelio"]
[Result "1-0"]
[ECO "D61"]
[WhiteElo "2586"]
[BlackElo "1729"]
[Annotator "ChessBase"]
[PlyCount "81"]
[EventDate "2019.01.23"]
[EventType "swiss"]
[EventCountry "BRA"]
[SourceTitle "playchess.com"]
[Source "ChessBase"]
[SourceQuality "1"]
[TimeControl "180+2"]

1. d4 d5 2. c4 e6 3. Nc3 Nf6 4. Bg5 Be7 5. e3 Nbd7 6. Nf3 O-O 7. Qc2 h6 8. Bh4 Ng4 9. Bxe7 Qxe7 10. cxd5 exd5 11. Nxd5 Qd6 12. Nxc7 Rb8 13. Nb5 Qb4+ 14. Qc3 Qxc3+ 15. Nxc3 Nb6 16. Be2 Be6 17. O-O Bc4 18. Rfc1 Rbc8 19. b3 Bxe2 20. Nxe2 Nf6 21. Ne5 Nbd5 22. Nd3 Ne4 23. f3 Nec3 24. Nxc3 Nxc3 25. Kf2 Rc7 26. Nc5 Nb5 27. a4 Nd6 28. Nd3 Rfc8 29. Rxc7 Rxc7 30. Rc1 Rxc1 31. Nxc1 Kf8 32. e4 Ke7 33. Ke3 f6 34. e5 fxe5 35. dxe5 Nf7 36. Nd3 b6 37. f4 g5 38. f5 Nd8 39. Nb4 a5 40. Nd5+ Kf7 41. e6+ 1-0

[Event "Floripa Super Blitz 2019"]
[Site "Florianopolis"]
[Date "2019.01.23"]
[Round "2"]
[White "De Oliveira, Guilherme Alfredo B"]
[Black "Sunye Neto, Jaime"]
[Result "0-1"]
[ECO "B43"]
[WhiteElo "1893"]
[BlackElo "2446"]
[Annotator "NA RC"]
[PlyCount "96"]
[EventDate "2019.01.23"]
[EventType "swiss"]
[EventCountry "BRA"]
[SourceTitle "playchess.com"]
[Source "ChessBase"]
[SourceQuality "1"]
[TimeControl "180+2"]

1. e4 c5 2. Nf3 e6 3. d4 cxd4 4. Nxd4 a6 5. Nc3 b5 6. a3 Bb7 7. Bd3 Bc5 8. Nb3 Bb6 9. O-O Nc6 10. Kh1 Nf6 11. f4 d6 12. Qf3 Qc7 13. Bd2 O-O 14. Rae1 b4 15. Na4 bxa3 16. Nxb6 Qxb6 17. bxa3 Ne7 18. Bc3 Nd7 19. Qg4 Ng6 20. h4 Rfc8 21. Ba1 Qd8 22. h5 Qh4+ 23. Qxh4 Nxh4 24. g3 Nf5 25. Kh2 Ne7 26. Rb1 Bc6 27. Na5 Ba4 28. Rb7 Bxc2 29. Be2 Ba4 30. Rfb1 Kf8 31. Bf3 Nc5 32. R7b4 Bc6 33. Nc4 Rd8 34. Nb6 Rab8 35. a4 a5 36. R4b2 Bxe4 37. Bxe4 Nxe4 38. Rb5 Nc5 39. Rxa5 Nc6 40. Rab5 Na7 41. R5b4 Nc6 42. Rb5 Rb7 43. h6 gxh6 44. Bf6 Re8 45. a5 Ne4 46. Bh4 Ra7 47. Ra1 Kg7 48. Kg2 f5 0-1

[Event "Floripa Super Blitz 2019"]
[Site "Florianopolis"]
[Date "2019.01.23"]
[Round "3"]
[White "Fier, Alexandr"]
[Black "Souza, Iago Henrique da Si"]
[Result "1-0"]
[ECO "D00"]
[WhiteElo "2540"]
[BlackElo "2060"]
[Annotator "ChessBase"]
[PlyCount "37"]
[EventDate "2019.01.23"]
[EventType "swiss"]
[EventCountry "BRA"]
[SourceTitle "playchess.com"]
[Source "ChessBase"]
[SourceQuality "1"]
[TimeControl "180+2"]

1. d4 d5 2. Bg5 c6 3. e3 Bf5 4. Nd2 Nf6 5. Bxf6 gxf6 6. Bd3 Bg6 7. h4 e5 8. h5 Bxd3 9. cxd3 Bd6 10. Ne2 Nd7 11. Nf3 Qe7 12. a3 a5 13. Nh4 Qe6 14. e4 dxe4 15. dxe4 exd4 16. Nf5 Bc5 17. O-O O-O 18. Nf4 Qe5 19. Qg4+ 1-0

[Event "Floripa Super Blitz 2019"]
[Site "Florianopolis"]
[Date "2019.01.23"]
[Round "4"]
[White "Stamenkovic, Dragan"]
[Black "Maldonado, Roberto"]
[Result "1-0"]
[ECO "A45"]
[WhiteElo "2378"]
[BlackElo "1974"]
[Annotator "NA"]
[PlyCount "64"]
[EventDate "2019.01.23"]
[EventType "swiss"]
[EventCountry "BRA"]
[SourceTitle "playchess.com"]
[Source "ChessBase"]
[SourceQuality "1"]
[TimeControl "180+2"]

1. d4 Nf6 2. Bg5 e6 3. e4 Be7 4. Nd2 d5 5. e5 Nfd7 6. Bxe7 Qxe7 7. c3 c5 8. Ngf3 Nc6 9. a3 c4 10. Be2 b5 11. O-O a5 12. Ne1 f6 13. f4 O-O 14. Nc2 fxe5 15. fxe5 Bb7 16. Rxf8+ Rxf8 17. Nf3 Rf4 18. Qd2 Qf8 19. Ng5 Nd8 20. Nh3 Rf7 21. Bh5 g6 22. Bg4 h5 23. Be2 Qg7 24. Qg5 Rf8 25. Nf4 Kh7 26. Rf1 Nf7 27. Qe7 Ng5 28. Qxg5 Rf5 29. Qg3 Nf8 30. Ne3 Rf7 31. Bd1 Bc8 32. Bc2 Kh6 1-0

[Event "Floripa Super Blitz 2019"]
[Site "Florianopolis"]
[Date "2019.01.23"]
[Round "5"]
[White "Fier, Alexandr"]
[Black "Stamenkovic, Dragan"]
[Result "1-0"]
[ECO "B72"]
[WhiteElo "2540"]
[BlackElo "2378"]
[Annotator "ChessBase"]
[PlyCount "99"]
[EventDate "2019.01.23"]
[EventType "swiss"]
[EventCountry "BRA"]
[SourceTitle "playchess.com"]
[Source "ChessBase"]
[SourceQuality "1"]
[TimeControl "180+2"]

1. e4 c5 2. Nf3 d6 3. d4 cxd4 4. Nxd4 Nf6 5. Nc3 g6 6. Be3 Bg7 7. Be2 O-O 8. Qd2 Nc6 9. O-O-O Ng4 10. Bxg4 Bxg4 11. f3 Bd7 12. g4 Ne5 13. b3 Qa5 14. Kb1 Nxf3 15. Nxf3 Bxc3 16. Qg2 Rac8 17. Bd4 Bc6 18. Bxc3 Qxc3 19. Nd4 Rc7 20. h4 e5 21. Nxc6 Rxc6 22. h5 Rfc8 23. Rh2 a5 24. hxg6 fxg6 25. Qf2 R6c7 26. Rxd6 a4 27. Qd2 Qxd2 28. Rhxd2 a3 29. R6d5 Rc5 30. c4 Kg7 31. Kc2 Kh6 32. Rh2+ Kg5 33. Rxh7 b5 34. Re7 Rxd5 35. exd5 bxc4 36. Rxe5+ Kf4 37. Re6 g5 38. d6 Kxg4 39. b4 Kf5 40. Re7 Rd8 41. d7 Kf6 42. Re3 Rxd7 43. Rxa3 g4 44. Rc3 Rd4 45. a4 Kf5 46. a5 Kf4 47. a6 Rd6 48. b5 Rd3 49. Rxc4+ Kf3 50. Kxd3 {[%emt 0:00:01] Ke4+ Kxe4} 1-0

[Event "Floripa Super Blitz 2019"]
[Site "Florianopolis"]
[Date "2019.01.23"]
[Round "5"]
[White "Sunye Neto, Jaime"]
[Black "Araujo, Adalberto Marcos"]
[Result "1/2-1/2"]
[ECO "B39"]
[WhiteElo "2446"]
[BlackElo "2213"]
[Annotator "NA RC"]
[PlyCount "100"]
[EventDate "2019.01.23"]
[EventType "swiss"]
[EventCountry "BRA"]
[SourceTitle "playchess.com"]
[Source "ChessBase"]
[SourceQuality "1"]
[TimeControl "180+2"]

1. c4 c5 2. Nf3 g6 3. d4 cxd4 4. Nxd4 Bg7 5. e4 Nc6 6. Be3 Nf6 7. Nc3 Ng4 8. Qxg4 Nxd4 9. Qd1 Ne6 10. Qd2 d6 11. Be2 O-O 12. O-O Bd7 13. Rfd1 Rc8 14. Rac1 Re8 15. b3 Bc6 16. f3 Qa5 17. Nd5 Qxd2 18. Rxd2 b6 19. Kf2 f5 20. exf5 gxf5 21. f4 Nc5 22. Bf3 e6 23. Nb4 Bxf3 24. Kxf3 Ne4 25. Rdc2 Kf7 26. Nd3 Ke7 27. Nf2 Nxf2 28. Bxf2 Rc6 29. a4 Rec8 30. Ke2 d5 31. Kd3 dxc4+ 32. Rxc4 Rd6+ 33. Ke2 Rxc4 34. Rxc4 e5 35. fxe5 Bxe5 36. h3 Ke6 37. b4 Rd7 38. Rc6+ Rd6 39. Rc8 Rd7 40. a5 bxa5 41. bxa5 a6 42. Ra8 Rd6 43. Bb6 Rc6 44. Rxa6 Rc2+ 45. Kd3 Rxg2 46. Bd4+ Kd5 47. Bxe5 Kxe5 48. Rh6 Ra2 49. a6 Ra3+ 50. Ke2 Kf4 1/2-1/2

[Event "Floripa Super Blitz 2019"]
[Site "Florianopolis"]
[Date "2019.01.23"]
[Round "5"]
[White "Borges, Guilherme Deola"]
[Black "Cubas, Jose Fernando"]
[Result "0-1"]
[ECO "D07"]
[WhiteElo "2171"]
[BlackElo "2506"]
[Annotator "ChessBase"]
[PlyCount "86"]
[EventDate "2019.01.23"]
[EventType "swiss"]
[EventCountry "BRA"]
[SourceTitle "playchess.com"]
[Source "ChessBase"]
[SourceQuality "1"]
[TimeControl "180+2"]

1. d4 d5 2. c4 Nc6 3. Nf3 Bg4 4. e3 e6 5. Nc3 Bb4 6. h3 Bxf3 7. Qxf3 Nf6 8. Bd2 Bxc3 9. Bxc3 Ne4 10. Rc1 O-O 11. Bd3 f5 12. O-O a5 13. Bxe4 fxe4 14. Qg3 Rf6 15. f4 Ne7 16. Qe1 Rh6 17. Bxa5 b6 18. Bb4 Nf5 19. a3 c6 20. cxd5 cxd5 21. Rc6 Rc8 22. Rxc8 Qxc8 23. Qd2 Qd8 24. Rc1 Rg6 25. Qc3 h5 26. Qc8 Qxc8 27. Rxc8+ Kh7 28. Rc3 Nh4 29. Rc2 Nf5 30. Re2 Rf6 31. Kf2 h4 32. Rc2 g5 33. Bd2 gxf4 34. exf4 Nxd4 35. Rc7+ Kg6 36. Bc3 e5 37. Ke3 Nf5+ 38. Kd2 d4 39. fxe5 dxc3+ 40. Kxc3 Re6 41. Rc8 Rxe5 42. Rg8+ Kf7 43. Rh8 e3 0-1

[Event "Floripa Super Blitz 2019"]
[Site "Florianopolis"]
[Date "2019.01.23"]
[Round "5"]
[White "Ulloa, Gabriel"]
[Black "Quintiliano Pinto, Renato R."]
[Result "0-1"]
[ECO "B90"]
[WhiteElo "2068"]
[BlackElo "2441"]
[Annotator "NA"]
[PlyCount "64"]
[EventDate "2019.01.23"]
[EventType "swiss"]
[EventCountry "BRA"]
[SourceTitle "playchess.com"]
[Source "ChessBase"]
[SourceQuality "1"]
[TimeControl "180+2"]

1. e4 c5 2. Nf3 d6 3. Nc3 a6 4. d4 cxd4 5. Nxd4 Nf6 6. Qf3 Nbd7 7. h3 g6 8. Be3 e5 9. Nb3 b5 10. O-O-O Bb7 11. Bg5 Be7 12. Kb1 Rc8 13. Bh6 Qc7 14. Bd3 b4 15. Nd5 Nxd5 16. exd5 Nf6 17. Be4 Nxe4 18. Qxe4 f5 19. Qe2 Qc4 20. Qxc4 Rxc4 21. Na5 Rc7 22. Nxb7 Rxb7 23. h4 Kf7 24. g3 Rc8 25. Rhe1 Bf6 26. Re2 Rc4 27. Bc1 Rb5 28. Be3 h5 29. Red2 f4 30. gxf4 exf4 31. Ba7 Bxh4 32. Bb8 Rxb8 0-1

[Event "Floripa Super Blitz 2019"]
[Site "Florianopolis"]
[Date "2019.01.23"]
[Round "6"]
[White "Quintiliano Pinto, Renato R."]
[Black "Umetsubo, Cesar Hidemitsu"]
[Result "1-0"]
[ECO "C49"]
[WhiteElo "2441"]
[BlackElo "2407"]
[Annotator "NA"]
[PlyCount "39"]
[EventDate "2019.01.23"]
[EventType "swiss"]
[EventCountry "BRA"]
[SourceTitle "playchess.com"]
[Source "ChessBase"]
[SourceQuality "1"]
[TimeControl "180+2"]

1. e4 e5 2. Nf3 Nf6 3. Nc3 Nc6 4. Bb5 Bb4 5. O-O O-O 6. d3 d6 7. Ne2 Nh5 8. c3 Ba5 9. a4 a6 10. Bc4 Be6 11. Be3 Bxc4 12. dxc4 f5 13. exf5 Rxf5 14. b4 Bb6 15. Bxb6 cxb6 16. Ng3 Nxg3 17. hxg3 Rc8 18. Qd3 Ra8 19. Qd1 Ne7 20. Qd3 1-0

[Event "Floripa Super Blitz 2019"]
[Site "Florianopolis"]
[Date "2019.01.23"]
[Round "6"]
[White "Stamenkovic, Dragan"]
[Black "Rueda, Joaquin"]
[Result "1-0"]
[ECO "D03"]
[WhiteElo "2378"]
[BlackElo "1961"]
[Annotator "NA"]
[PlyCount "69"]
[EventDate "2019.01.23"]
[EventType "swiss"]
[EventCountry "BRA"]
[SourceTitle "playchess.com"]
[Source "ChessBase"]
[SourceQuality "1"]
[TimeControl "180+2"]

1. d4 d5 2. Nf3 Nf6 3. Bg5 e6 4. e3 c5 5. c3 h6 6. Bh4 Be7 7. Nbd2 O-O 8. Bd3 Nc6 9. Ne5 Qb6 10. Rb1 cxd4 11. exd4 Qc7 12. f4 b6 13. O-O Bb7 14. Qf3 Nd7 15. Bg3 Bd6 16. Rbe1 Ne7 17. Bb5 Nf6 18. Bd3 Nf5 19. Bf2 Be7 20. g4 Nd6 21. f5 Nfe4 22. Be3 exf5 23. gxf5 Bf6 24. Ng4 Kh8 25. Bf4 Qd7 26. Nxf6 Nxf6 27. Be5 Nfe4 28. f6 gxf6 29. Bxf6+ Kh7 30. Kh1 Rg8 31. Be5 Qg4 32. Bxd6 Qh4 33. Nxe4 dxe4 34. Bxe4+ Kh8 35. Bxb7 1-0

[Event "Floripa Super Blitz 2019"]
[Site "Florianopolis"]
[Date "2019.01.23"]
[Round "7"]
[White "Souza, Iago Henrique da Si"]
[Black "Stamenkovic, Dragan"]
[Result "1-0"]
[ECO "D04"]
[WhiteElo "2060"]
[BlackElo "2378"]
[Annotator "NA"]
[PlyCount "73"]
[EventDate "2019.01.23"]
[EventType "swiss"]
[EventCountry "BRA"]
[SourceTitle "playchess.com"]
[Source "ChessBase"]
[SourceQuality "1"]
[TimeControl "180+2"]

1. d4 Nf6 2. Nf3 d5 3. e3 c6 4. Bd3 Bg4 5. Nbd2 e6 6. h3 Bh5 7. O-O Nbd7 8. b3 Bd6 9. Bb2 a5 10. a4 O-O 11. Qe1 Qb8 12. e4 dxe4 13. Nxe4 Bxf3 14. gxf3 Nd5 15. Nxd6 Qxd6 16. Ba3 Nb4 17. Bxh7+ Kxh7 18. c3 Qf4 19. cxb4 Qxf3 20. bxa5 Rh8 21. Qe3 Qxe3 22. fxe3 Kg8 23. Rf3 Rxa5 24. Raf1 f6 25. Bb4 Rah5 26. Kg2 Nb6 27. e4 Rh4 28. Re1 Kf7 29. Re2 Rd8 30. Bc5 Nd7 31. Bd6 Nb6 32. Bc7 Rxd4 33. Bxb6 Rdxe4 34. Rd2 g5 35. Rd7+ Kg6 36. Bf2 Rhf4 37. Rxb7 1-0

[Event "Floripa Super Blitz 2019"]
[Site "Florianopolis"]
[Date "2019.01.23"]
[Round "9"]
[White "Fier, Alexandr"]
[Black "Sunye Neto, Jaime"]
[Result "1-0"]
[ECO "B61"]
[WhiteElo "2540"]
[BlackElo "2446"]
[Annotator "ChessBase"]
[PlyCount "45"]
[EventDate "2019.01.23"]
[EventType "swiss"]
[EventCountry "BRA"]
[SourceTitle "playchess.com"]
[Source "ChessBase"]
[SourceQuality "1"]
[TimeControl "180+2"]

1. e4 c5 2. Nf3 d6 3. d4 cxd4 4. Nxd4 Nf6 5. Nc3 Nc6 6. Bg5 Bd7 7. Qd2 Qa5 8. Nb3 Qc7 9. O-O-O a6 10. Bxf6 gxf6 11. f4 e6 12. Be2 h5 13. Rhf1 b5 14. Bf3 Rc8 15. Kb1 b4 16. Ne2 a5 17. Nbd4 Nxd4 18. Nxd4 Qb6 19. e5 dxe5 20. fxe5 fxe5 21. Ne2 Rd8 22. Qg5 Qc7 23. Bxh5 {[%emt 0:00:04] Ke7 [%emt 00:00:55]} 1-0

[Event "Floripa Super Blitz 2019"]
[Site "Florianopolis"]
[Date "2019.01.23"]
[Round "9"]
[White "Cubas, Jose Fernando"]
[Black "Molina, Roberto Junio Brito"]
[Result "1-0"]
[ECO "D00"]
[WhiteElo "2506"]
[BlackElo "2458"]
[Annotator "ChessBase"]
[PlyCount "59"]
[EventDate "2019.01.23"]
[EventType "swiss"]
[EventCountry "BRA"]
[SourceTitle "playchess.com"]
[Source "ChessBase"]
[SourceQuality "1"]
[TimeControl "180+2"]

1. Nc3 d5 2. d4 Nf6 3. Bf4 a6 4. f3 e6 5. e3 c5 6. Qd2 Bd6 7. Nh3 Nc6 8. Bxd6 Qxd6 9. Nf4 O-O 10. Be2 cxd4 11. exd4 Nxd4 12. Qxd4 e5 13. Qd2 exf4 14. O-O-O Be6 15. g4 Rfd8 16. g5 Ne8 17. Bd3 b5 18. Ne2 b4 19. Nxf4 a5 20. h4 a4 21. Kb1 d4 22. Nxe6 Qxe6 23. h5 Qd6 24. g6 fxg6 25. Bc4+ Kf8 26. hxg6 h6 27. Rxh6 gxh6 28. Qxh6+ Ke7 29. Qh7+ Kf6 30. Qf7+ 1-0

[Event "Floripa Super Blitz 2019"]
[Site "Florianopolis"]
[Date "2019.01.23"]
[Round "9"]
[White "Souza, Iago Henrique da Si"]
[Black "Quintiliano Pinto, Renato R."]
[Result "1-0"]
[ECO "D05"]
[WhiteElo "2060"]
[BlackElo "2441"]
[Annotator "NA"]
[PlyCount "83"]
[EventDate "2019.01.23"]
[EventType "swiss"]
[EventCountry "BRA"]
[SourceTitle "playchess.com"]
[Source "ChessBase"]
[SourceQuality "1"]
[TimeControl "180+2"]

1. d4 Nf6 2. Nf3 e6 3. e3 c5 4. Bd3 Nc6 5. O-O d5 6. b3 Bd6 7. Nbd2 O-O 8. Bb2 Qe7 9. c4 cxd4 10. exd4 b6 11. Rc1 Bb7 12. Re1 Ba3 13. Qc2 Bxb2 14. Qxb2 Rfd8 15. c5 a5 16. cxb6 Qb4 17. Qc3 Qxb6 18. Qc5 Qxc5 19. Rxc5 Nd7 20. Rcc1 Nb4 21. Bb1 Rdc8 22. a3 Nc6 23. Bd3 Na7 24. h3 h6 25. Nb1 Bc6 26. Rc2 Bb5 27. Rxc8+ Rxc8 28. Bxb5 Nxb5 29. a4 Nd6 30. Nfd2 Rc2 31. f3 Nf5 32. Kf2 Nxd4 33. Ke3 Nc6 34. Kd3 Nb4+ 35. Ke3 Nc5 36. Kd4 Nc6+ 37. Ke3 d4+ 38. Ke2 Nb4 39. Na3 Ra2 40. Nac4 Nxb3 41. Rd1 f6 42. Ke1 1-0

[Event "Floripa Super Blitz 2019"]
[Site "Florianopolis"]
[Date "2019.01.23"]
[Round "10"]
[White "Stamenkovic, Dragan"]
[Black "Januario, Severino Pereira"]
[Result "1-0"]
[ECO "A44"]
[WhiteElo "2378"]
[BlackElo "2173"]
[Annotator "NA"]
[PlyCount "93"]
[EventDate "2019.01.23"]
[EventType "swiss"]
[EventCountry "BRA"]
[SourceTitle "playchess.com"]
[Source "ChessBase"]
[SourceQuality "1"]
[TimeControl "180+2"]

1. d4 c5 2. d5 e5 3. Nc3 d6 4. e4 Nf6 5. Bb5+ Nbd7 6. a4 a6 7. Bd3 Be7 8. Nf3 Nf8 9. Nd2 Ng6 10. Nc4 Qc7 11. a5 Bd7 12. Nb6 Rb8 13. O-O O-O 14. b3 Be8 15. Be3 Nd7 16. Nc4 Nf4 17. Qd2 Nxd3 18. Qxd3 Nf6 19. Nb6 Nd7 20. Nc4 f6 21. Ne2 Bg6 22. Ng3 Rf7 23. Bd2 Rbf8 24. Ne3 h6 25. h4 Bh7 26. h5 Rc8 27. Qc4 Kh8 28. Ngf5 Rcf8 29. g4 Bd8 30. f3 b5 31. axb6 Nxb6 32. Qxa6 Bxf5 33. gxf5 c4 34. Nxc4 Nxc4 35. Qxc4 Qb6+ 36. Kg2 Rc7 37. Qd3 Qb7 38. Be3 Qc8 39. c4 Be7 40. Ra4 Qe8 41. Rh1 Qf7 42. Ra7 Rfc8 43. Rxc7 Rxc7 44. b4 Qe8 45. Qa3 Rxc4 46. Rc1 Rxc1 47. Qxc1 1-0

[Event "Floripa Super Blitz 2019"]
[Site "Florianopolis"]
[Date "2019.01.23"]
[Round "10"]
[White "Do Nascimento, Christian Almeida"]
[Black "Molina, Roberto Junio Brito"]
[Result "0-1"]
[ECO "A03"]
[WhiteElo "2029"]
[BlackElo "2458"]
[Annotator "RC"]
[PlyCount "140"]
[EventDate "2019.01.23"]
[EventType "swiss"]
[EventCountry "BRA"]
[SourceTitle "playchess.com"]
[Source "ChessBase"]
[SourceQuality "1"]
[TimeControl "180+2"]

1. d4 d5 2. e3 Nf6 3. f4 g6 4. Nf3 Bg7 5. Bd3 b6 6. c3 O-O 7. Ne5 Ba6 8. O-O Qc8 9. Bxa6 Qxa6 10. Nd2 c5 11. Ndf3 e6 12. Bd2 Qb7 13. Be1 Nc6 14. Bh4 Ne4 15. Nd2 Nd6 16. Nxc6 Qxc6 17. Be7 Rfe8 18. Bxd6 Qxd6 19. Nf3 b5 20. Qd3 Rab8 21. a3 a5 22. Ne5 Rb7 23. Rf3 b4 24. axb4 axb4 25. Ra6 Qf8 26. h3 bxc3 27. bxc3 Qe7 28. Rf1 Rc8 29. Rfa1 Rbc7 30. Ra8 Bxe5 31. fxe5 cxd4 32. cxd4 Kg7 33. Rxc8 Rxc8 34. Rf1 Qg5 35. Rf4 Qg3 36. Rf3 Rc1+ 37. Rf1 Rxf1+ 38. Kxf1 h5 39. Qe2 g5 40. Qxh5 Qxe3 41. Qg4 Kg6 42. g3 Qc1+ 43. Kg2 Qc2+ 44. Kg1 Qf5 45. Kg2 Qxg4 46. hxg4 f6 47. Kf3 fxe5 48. dxe5 Kf7 49. Ke3 Ke7 50. Kd4 Kd7 51. Kc5 Kc7 52. Kb5 Kb7 53. Kc5 Kc7 54. Kb5 Kc8 55. Kc5 Kd7 56. Kb5 Kd8 57. Kc5 Kc7 58. Kb5 Kb7 59. Kc5 Ka6 60. Kd6 d4 61. Kxe6 d3 62. Kf7 d2 63. e6 d1=Q 64. e7 Qf3+ 65. Kg7 Qe4 66. Kf7 Qd5+ 67. Kg7 Qe6 68. Kf8 Qf6+ 69. Ke8 Kb7 70. Kd7 Qc6+ 0-1

[Event "Floripa Super Blitz 2019"]
[Site "Florianopolis"]
[Date "2019.01.23"]
[Round "11"]
[White "Lopes Fo, Jorge Antonio Ferre"]
[Black "Menna Barreto, Luiz Ney"]
[Result "1/2-1/2"]
[ECO "E01"]
[WhiteElo "2122"]
[BlackElo "2327"]
[Annotator "NA"]
[PlyCount "53"]
[EventDate "2019.01.23"]
[EventType "swiss"]
[EventCountry "BRA"]
[SourceTitle "playchess.com"]
[Source "ChessBase"]
[SourceQuality "1"]
[TimeControl "180+2"]

1. d4 Nf6 2. c4 e6 3. g3 d5 4. Bg2 c6 5. Qc2 Bd6 6. Nd2 O-O 7. Ngf3 Nbd7 8. O-O Re8 9. e4 dxe4 10. Nxe4 Nxe4 11. Qxe4 Nf6 12. Qc2 Qc7 13. c5 Bf8 14. Bf4 Qd8 15. Rfe1 Nd5 16. Bd2 Be7 17. Rad1 Bf6 18. Ne5 Bxe5 19. Rxe5 Qe7 20. Rde1 Bd7 21. Bxd5 cxd5 22. R5e2 Bc6 23. h4 Qf6 24. Qc3 Qg6 25. Bf4 a6 26. Qc2 Qxc2 27. Rxc2 1/2-1/2